Workbook
Name AbaDeprec: '5. Depreciação'!$A$1
Name AbaRemun: '6.Remuneração de capital'!$A$1

Sheet 1. Coleta Domiciliar
B4: ANEXO - XIII
A8: 1. Coleta de Resíduos Sólidos
A9: Planilha de Composição de Custos
A11: Orçamento Sintético
A12: Descrição do Item | E12: Custo (R$/mês) | F12: %
A13: =+A46 -> 1. Mão-de-obra | E13: =+F92 -> 9074.8624 | F13: =IFERROR(E13/$E$30,0) -> 0.26703261
A14: =A48 -> 1.1. Coletor Turno Dia | E14: =F61 -> 4788.4011 | F14: =IFERROR(E14/$E$30,0) -> 0.14090123
A15: =A63 -> 1.2. Motorista Turno do Dia | E15: =F76 -> 3214.4613 | F15: =IFERROR(E15/$E$30,0) -> 0.09458722
A16: =A78 -> 1.3. Vale-refeição (diário) | E16: =F84 -> 664 | F16: =IFERROR(E16/$E$30,0) -> 0.01953855
A17: =A86 -> 1.4. Auxílio Alimentação (mensal) | E17: =F90 -> 408 | F17: =IFERROR(E17/$E$30,0) -> 0.012005615
A18: =+A94 -> 2. Uniformes e Equipamentos de Proteção Individual | E18: =+F126 -> 456.18333 | F18: =IFERROR(E18/$E$30,0) -> 0.013423435
A19: =+A128 -> 3. Veículos e Equipamentos | E19: =+F210 -> 16720.384 | F19: =IFERROR(E19/$E$30,0) -> 0.49200613
A20: =A130 -> 3.1. Veículo Coletor Compactador 10 m³ | E20: =SUM(E21:E26) -> 13120.384 | F20: =IFERROR(E20/$E$30,0) -> 0.38607423
A21: =A132 -> 3.1.1. Depreciação | E21: =F146 -> 2749.8292 | F21: =IFERROR(E21/$E$30,0) -> 0.080915174
A22: =A148 -> 3.1.2. Remuneração do Capital | E22: =F162 -> 1294.6055 | F22: =IFERROR(E22/$E$30,0) -> 0.038094451
A23: =A164 -> 3.1.3. Impostos e Seguros | E23: =F170 -> 404.155 | F23: =IFERROR(E23/$E$30,0) -> 0.011892474
A24: =A172 -> 3.1.4. Consumos | E24: =F188 -> 5952.7865 | F24: =IFERROR(E24/$E$30,0) -> 0.17516388
A25: =A190 -> 3.1.5. Manutenção | E25: =F193 -> 1888.2 | F25: =IFERROR(E25/$E$30,0) -> 0.055561281
A26: =A200 -> 3.1.7. Pneus | E26: =F207 -> 830.808 | F26: =IFERROR(E26/$E$30,0) -> 0.024446964
A27: =+A212 -> 4. Ferramentas e Materiais de Consumo | E27: =+F222 -> 37.083333 | F27: =IFERROR(E27/$E$30,0) -> 0.0010911966
A28: =+A224 -> 5. Monitoramento da Frota | E28: =+F233 -> 59.833333 | F28: =IFERROR(E28/$E$30,0) -> 0.0017606274
A29: =+A237 -> 6. Benefícios e Despesas Indiretas - BDI | E29: =+F243 -> 7635.7509 | F29: =IFERROR(E29/$E$30,0) -> 0.224686
A30: PREÇO TOTAL MENSAL COM A COLETA | E30: =E13+E18+E19+E27+E28+E29 -> 33984.098 | F30: =F13+F18+F19+F27+F28+F29 -> 1
A33: Quantitativos
A34: Mão-de-obra | E34: Quantidade
A35: =+A48 -> 1.1. Coletor Turno Dia | E35: =C60 -> 2
A36: =+A63 -> 1.2. Motorista Turno do Dia | E36: =C75 -> 1
A37: Total de mão-de-obra (postos de trabalho) | E37: =SUM(E35:E36) -> 3
A39: Veículos e Equipamentos | E39: Quantidade
A40: =+A130 -> 3.1. Veículo Coletor Compactador 10 m³ | E40: =C145 -> 1
B42: COLETOR | D42: MOTORISTA
B43: COLETA | C43: TRANSP. | D43: COLETA | E43: TRANSPORTE
B44: 0.6 | C44: 0.2 | D44: 0.6 | E44: 0.2
B45: 132 horas | C45: 44 horas | D45: 132 horas | E45: 44 horas
A46: 1. Mão-de-obra
A48: 1.1. Coletor Turno Dia
A49: Discriminação | B49: Unidade | C49: Quantidade | D49: Custo unitário | E49: Subtotal | F49: Total (R$)
A50: Piso da categoria | B50: mês | C50: 1 | D50: 1221.88 | E50: =C50*D50 -> 1221.88
A51: Salário mínimo nacional (2) | B51: mês | C51: 1 | D51: 937
A52: Horas Extras (100%) | B52: hora | C52: 0 | D52: 0 | E52: =C52*D52 -> 0
A53: Horas Extras (50%) | B53: hora | C53: 0 | D53: 0 | E53: =C53*D53 -> 0
A54: Descanso Semanal Remunerado (DSR) - hora extra | B54: R$ | D54: =63/302*(SUM(E51:E53)) -> 0 | E54: =D54 -> 0
A55: Base de cálculo da Insalubridade | C55: 1
A56: Adicional de Insalubridade | B56: % | C56: 40 | D56: 1221.88 | E56: =C56*D56/100 -> 488.752
A57: Soma | E57: =SUM(E50:E56) -> 1710.632
A58: Encargos Sociais | B58: % | C58: ='2.Encargos Sociais'!C34*100 -> 74.95 | D58: =E57 -> 1710.632 | E58: =D58*C58/100 -> 1282.1187
A59: Total por Coletor | E59: =E57+E58 -> 2992.7507
A60: Total do Efetivo | B60: homem | C60: 2 | D60: =E59 -> 2992.7507 | E60: =C60*D60 -> 5985.5014
D61: Fator de utilização | E61: 0.8 | F61: =E60*E61 -> 4788.4011
A63: 1.2. Motorista Turno do Dia
A64: Discriminação | B64: Unidade | C64: Quantidade | D64: Custo unitário | E64: Subtotal | F64: Total (R$)
A65: Piso da categoria (1) | B65: mês | C65: 1 | D65: 1640.5 | E65: =C65*D65 -> 1640.5
A66: Salário mínimo nacional (2) | B66: mês | C66: 1 | D66: 937
A67: Horas Extras (100%) | B67: hora | C67: 0 | D67: 0 | E67: =C67*D67 -> 0
A68: Horas Extras (50%) | B68: hora | C68: 0 | D68: 0 | E68: =C68*D68 -> 0
A69: Descanso Semanal Remunerado (DSR) - hora extra | B69: R$ | D69: =63/302*(SUM(E66:E68)) -> 0 | E69: =D69 -> 0
A70: Base de cálculo da Insalubridade | C70: 1
A71: Adicional de Insalubridade | B71: % | C71: 40 | D71: 1640.5 | E71: =C71*D71/100 -> 656.2
A72: Soma | E72: =SUM(E65:E71) -> 2296.7
A73: Encargos Sociais | B73: % | C73: =C58 -> 74.95 | D73: =E72 -> 2296.7 | E73: =D73*C73/100 -> 1721.3766
A74: Total por Motorista | E74: =E72+E73 -> 4018.0766
A75: Total do Efetivo | B75: homem | C75: 1 | D75: =E74 -> 4018.0766 | E75: =C75*D75 -> 4018.0766
D76: Fator de utilização | E76: 0.8 | F76: =E75*E76 -> 3214.4613
A78: 1.3. Vale-refeição (diário)
A79: Discriminação | B79: Unidade | C79: Quantidade | D79: Custo unitário | E79: Subtotal | F79: Total (R$)
A80: Motorista ( Refeição - Turno completo) | B80: unidade | C80: 17 | D80: 22 | E80: =C80*D80 -> 374
A81: Coletor ( Lanche - Meio Turno) | B81: unidade | C81: 34 | D81: 10 | E81: =C81*D81 -> 340
A82: Total | E82: 664
A83: Ttoal do Efetivo | B83: homen | C83: 3
D84: Fator de utilização | E84: 1 | F84: =E82*E84 -> 664
A86: 1.4. Auxílio Alimentação (mensal)
A87: Discriminação | B87: Unidade | C87: Quantidade | D87: Custo unitário | E87: Subtotal | F87: Total (R$)
A88: Motorista | B88: unidade | C88: =E36 -> 1 | D88: 136 | E88: =C88*D88 -> 136
A89: Coletor | B89: unidade | C89: =E35 -> 2 | D89: 136 | E89: =C89*D89 -> 272
D90: Fator de utilização | E90: 1 | F90: =SUM(E88:E89)*E90 -> 408
A92: Custo Mensal com Mão-de-obra (R$/mês) | F92: =F61+F76+F84+F90 -> 9074.8624
A94: 2. Uniformes e Equipamentos de Proteção Individual
A96: 2.1. Uniformes e EPIs para Coletor
A98: Discriminação | B98: Unidade | C98: Durabilidade (meses) | D98: Custo unitário | E98: Subtotal | F98: Total (R$)
A99: Jaqueta com reflexivo (NBR 15.292) | B99: unidade | C99: 6 | D99: 150 | E99: =IFERROR(D99/C99,0) -> 25
A100: Calça | B100: unidade | C100: 4 | D100: 45.8 | E100: =IFERROR(D100/C100,0) -> 11.45
A101: Camiseta | B101: unidade | C101: 4 | D101: 35.2 | E101: =IFERROR(D101/C101,0) -> 8.8
A102: Boné | B102: unidade | C102: 6 | D102: 22 | E102: =IFERROR(D102/C102,0) -> 3.6666667
A103: Botina de segurança c/ palmilha aço | B103: par | C103: 6 | D103: 75.5 | E103: =IFERROR(D103/C103,0) -> 12.583333
A104: Meia de algodão com cano alto | B104: par | C104: 4 | D104: 5.5 | E104: =IFERROR(D104/C104,0) -> 1.375
A105: Capa de chuva amarela com reflexivo | B105: unidade | C105: 6 | D105: 35.5 | E105: =IFERROR(D105/C105,0) -> 5.9166667
A106: Colete reflexivo | B106: unidade | C106: 6 | D106: 45 | E106: =IFERROR(D106/C106,0) -> 7.5
A107: Luva de proteção | B107: par | C107: 2 | D107: 17 | E107: =IFERROR(D107/C107,0) -> 8.5
A108: Protetor solar FPS 30 | B108: frasco 120g | C108: 4 | D108: 25 | E108: =IFERROR(D108/C108,0) -> 6.25
A109: Higienização de uniformes e EPIs | B109: R$ mensal | C109: 1 | D109: 80 | E109: =C109*D109 -> 80
A110: Total do Efetivo | B110: homem | C110: =E35 -> 2 | D110: =+SUM(E99:E109) -> 171.04167 | E110: =C110*D110 -> 342.08333
D111: Fator de utilização | E111: 1 | F111: =E110*E111 -> 342.08333
A113: 2.2. Uniformes e EPIs para demais categorias
A115: Discriminação | B115: Unidade | C115: Durabilidade (meses) | D115: Custo unitário | E115: Subtotal | F115: Total (R$)
A116: Jaqueta com reflexivo (NBR 15.292) | B116: unidade | C116: 6 | D116: =+D99 -> 150 | E116: =IFERROR(D116/C116,0) -> 25
A117: Calça | B117: unidade | C117: 6 | D117: =+D100 -> 45.8 | E117: =IFERROR(D117/C117,0) -> 7.6333333
A118: Camiseta | B118: unidade | C118: 4 | D118: =+D101 -> 35.2 | E118: =IFERROR(D118/C118,0) -> 8.8
A119: Botina de segurança c/ palmilha aço | B119: par | C119: 6 | D119: =+D103 -> 75.5 | E119: =IFERROR(D119/C119,0) -> 12.583333
A120: Capa de chuva amarela com reflexivo | B120: unidade | C120: 6 | D120: =+D105 -> 35.5 | E120: =IFERROR(D120/C120,0) -> 5.9166667
A121: Protetor solar FPS 30 | B121: frasco 120g | C121: 6 | D121: =+D108 -> 25 | E121: =IFERROR(D121/C121,0) -> 4.1666667
...

Sheet 2.Encargos Sociais
A4: 2. Composição dos Encargos Sociais
A5: Código | B5: Descrição | C5: Valor
A6: A1 | B6: INSS | C6: 0.2
A7: A2 | B7: SESI | C7: 0.015
A8: A3 | B8: SENAI | C8: 0.01
A9: A4 | B9: INCRA | C9: 0.002
A10: A5 | B10: SEBRAE | C10: 0.006
A11: A6 | B11: Salário educação | C11: 0.025
A12: A7 | B12: Seguro contra acidentes de trabalho | C12: 0.03
A13: A8 | B13: FGTS | C13: 0.08
A14: A | B14: SOMA GRUPO A | C14: =SUM(C6:C13) -> 0.368
A16: B1 | B16: Férias gozadas | C16: =ROUND(IF('3.CAGED'!C39>24,(1-12/'3.CAGED'!C39)*0.1111,0.1111-C25),4) -> 0.0574
A17: B2 | B17: 13º salário | C17: =ROUND('3.CAGED'!C33/'3.CAGED'!C30,4) -> 0.0833
A18: B3 | B18: Licença Paternidade | C18: 0.0006
A19: B4 | B19: Faltas justificadas | C19: 0.0082
A20: B5 | B20: Auxilio acidente de trabalho | C20: 0.0031
A21: B6 | B21: Auxilio doença | C21: 0.0166
A22: B | B22: SOMA GRUPO B | C22: =SUM(C16:C21) -> 0.1692
A24: C1 | B24: Aviso prévio indenizado | C24: =ROUND(('3.CAGED'!C38) *'3.CAGED'!C29/'3.CAGED'!C30,4) -> 0.039
A25: C2 | B25: Férias indenizadas | C25: =ROUND(IF('3.CAGED'!C39>12,12/'3.CAGED'!C39*0.1111,0.1111),4) -> 0.0537
A26: C3 | B26: Férias indenizadas s/ aviso previo inden. | C26: =ROUND(('3.CAGED'!C32+'3.CAGED'!C31)/360*C24,4) -> 0.0043
A27: C4 | B27: Depósito rescisão sem justa causa | C27: =ROUND(('3.CAGED'!C30+'3.CAGED'!C31+'3.CAGED'!C33)/'3.CAGED'!C28*'3.CAGED'!C35*'3.CAGED'!C36*'3.CAGED'!C29/'3.CAGED'!C30,4) -> 0.0359
A28: C5 | B28: Indenização adicional | C28: =ROUND(('3.CAGED'!C32/'3.CAGED'!C30)*'3.CAGED'!C29/12,4) -> 0.0027
A29: C | B29: SOMA GRUPO C | C29: =SUM(C24:C28) -> 0.1356
A31: D1 | B31: Reincidência de Grupo A sobre Grupo B | C31: =ROUND(C14*C22,4) -> 0.0623
A32: D2 | B32: Reincidência de Grupo A sobre aviso prévio indenizado | C32: =ROUND((C24*C14),4) -> 0.0144
A33: D | B33: SOMA GRUPO D | C33: =SUM(C31:C32) -> 0.0767
B34: SOMA (A+B+C+D) | C34: =C33+C29+C22+C14 -> 0.7495

Sheet 3.CAGED
B11: 3. CAGED
B12: Rio Grande do Sul - Coleta de Resíduos Não-Perigosos - CNAE 38114
B13: Admissões | C13: 2486
B14: Desligamentos | C14: 3303
B15: Dispensados com justa causa | C15: 81
B16: Dispensados sem justa causa | C16: 2336
B17: Espontâneos | C17: 342
B18: Fim de contrato por prazo determinado | C18: 18
B19: Término de contrato | C19: 500
B20: Aposentados | C20: 1
B21: Mortos | C21: 25
B22: Transferência de saída | C22: 0
B23: Indicadores
B24: Estoque recuperado início do Período 01-09-2016 | C24: 6400
B25: Estoque recuperado final do Período 31-08-2017 | C25: 5583
B26: Variação Emprego Absoluta de 01-09-2016 a 31-08-2017 | C26: -817
B28: Rotatividade | C28: =MEDIAN(C13,C14)/MEDIAN(C24,C25) -> 0.48310106 | G28: =12/C28 -> 24.839523
B29: Demitidos s/ Justa Causa em relação ao Estoque Médio | C29: =C16/MEDIAN(C24,C25) -> 0.38988567
B30: Dias ano | C30: 360
B31: 1/3 de férias (dias) | C31: 10
B32: Férias (dias) | C32: 30 | G32: =TRUNC(G37) -> 0
B33: 13º Salário (dias) | C33: 30
B34: Estoque Médio | C34: =MEDIAN(C24,C25) -> 5991.5
B35: FGTS | C35: 0.08 | K35: =IF(C39>12,C39-12,C39) -> 12.839523
B36: Multa FGTS | C36: 0.5 | K36: =IF(#REF!>12,#REF!-12,#REF!) -> #REF!
B37: Fração de tempo para gozo férias | C37: =((1/C28)-TRUNC(E37)) -> 0.069960269 | D37: =TRUNC(E37) -> 2 | E37: =1/C28 -> 2.0699603 | F37: =((1/C28)-TRUNC(E37)) -> 0.069960269 | G37: =12*F37 -> 0.83952323 | K37: =IF(#REF!>12,#REF!-12,#REF!) -> #REF!
B38: Dias de Aviso prévio | C38: =30+D38 -> 36 | D38: =3*D37 -> 6 | G38: =G37/12*40/360 -> 0.0077733633 | K38: =IF(#REF!>12,#REF!-12,#REF!) -> #REF!
B39: Rotatividade temporal (meses) | C39: =12/C28 -> 24.839523 | K39: =IF(#REF!>12,#REF!-12,#REF!) -> #REF!
K40: =IF(K39>12,K39-12,K39) -> #REF!
K41: =IF(K40>12,K40-12,K40) -> #REF!

Sheet 4.BDI
A6: 4. Composição do BDI - Benefícios e Despesas Indiretas
D8: Referência estudo TCE
D9: 1° Quartil | E9: Médio | F9: 3° Quartil
A10: Administração Central | B10: AC | C10: 0.05 | D10: 0.0297 | E10: 0.0508 | F10: 0.0627
A11: Seguros/Riscos/Garantias | B11: SRG | C11: 0.025 | D11: =0.3%+0.56% -> 0.0086 | E11: =0.48%+0.85% -> 0.0133 | F11: =0.82%+0.89% -> 0.0171
A12: Lucro | B12: L | C12: 0.12 | D12: 0.0778 | E12: 0.1085 | F12: 0.1355
A13: Despesas Financeiras | B13: DF | C13: =(1+E13)^(E14/252)-1 -> 0 | D13: SELIC | E13: 0.0845
A14: Tributos - ISS | B14: T | C14: 0.03 | D14: DU | E14: 0
A15: Tributos - PIS/COFINS | C15: 0.0365
A16: Opção pelo Simples Nacional
A17: Fórmula para o cálculo do BDI:
A18: {[(1+AC+SRG) x (1+L) x (1+DF)] / (1-T)} -1
A19: Resultado do cálculo do BDI: | C19: =ROUND((((1+C10+C11)*(1+C12)*(1+C13))/(1-(C14+C15))-1),4) -> 0.2898 | D19: 0.2143 | E19: 0.2717 | F19: 0.3362

Sheet 5. Depreciação
A1: 5. Depreciação Referencial TCE/RS (%)
A2: Idade do veículo (ano) | B2: Média
A3: 1 | B3: 33.63
A4: 2 | B4: 43.13
A5: 3 | B5: 48.68
A6: 4 | B6: 52.62
A7: 5 | B7: 55.68
A8: 6 | B8: 58.18
A9: 7 | B9: 60.29
A10: 8 | B10: 62.12
A11: 9 | B11: 63.73
A12: 10 | B12: 65.18
A13: 11 | B13: 66.48
A14: 12 | B14: 67.67
... A17: 15 | B17: 70.73

Sheet 6.Remuneração de capital
A1: 6. Remuneração de Capital
A3: Fórmula de cálculo da remuneração de capital:
A12: Jm = remuneração de capital mensal
A13: i = taxa de juros do mercado (sugere-se adotar a taxa SELIC)
A14: Im = investimento médio
A15: V0 = valor inicial do bem
A16: Vr = valor residual do bem
A17: n = vida útil do bem em anos

Sheet 7.Dimensionamento
A6: 7. Estimativa de cargas semanais
A8: Quadro 1 | B8: Unid | C8: Valor
A9: População | B9: hab | C9: 17102
A10: Geração per capita (Kg/hab/dia) | C10: =0.0362741*C9^0.2336249 -> 0.35362406
A11: Geração total diária | B11: ton | C11: =C9*C10/1000 -> 6.0476787
A12: Geração semanal | B12: ton | C12: =(C11*30)/(52/12) -> 41.868545
A13: Densidade RSU compactado | B13: Kg/m³ | C13: 500
A14: Veículo (1 = toco, 2 = truck) | C14: 2
A15: Compactador | B15: m³ | C15: 15
A16: Capacidade nominal | B16: ton | C16: =IF(AND(C15>=15,C14=1),5.8,C15/2) -> 7.5
A17: Número de Cargas por semana | C17: =IFERROR(CEILING((C12/C16),1),0) -> 6
